 Dungeon Crawl Stone Soup version 0.29-a0-284-gf9362112df (webtiles) character file.

Game seed: 15980302581011754262

8141 sizableburger the Carver (level 11, -10/92 HPs)
             Began as a Red Draconian Gladiator on Mar 30, 2022.
             Was a Priest of Wu Jian.
             Mangled by a manticore (24 damage)
             ... on level 10 of the Dungeon.
             The game lasted 00:30:19 (13015 turns).

sizableburger the Carver (Red Draconian Gladiator) Turns: 13015, Time: 00:30:19

Health: -10/92     AC:  8    Str: 19    XL:     11   Next: 6%
Magic:  12/19      EV: 15    Int: 10    God:    Wu Jian [***...]
Gold:   569        SH:  0    Dex: 16    Spells: 15/21 levels left

rFire   + . .      SeeInvis +   a - +2 long sword (venom)
rCold   + . .      Faith    .   (no shield)
rNeg    . . .      Spirit   .   (body armour unavailable)
rPois   .          Reflect  .   b - +0 hat
rElec   +          Harm     +   D - scarf {repulsion}
rCorr   .          Rampage  .   (no gloves)
Will    .....                   h - +0 pair of boots
Stlth   +.........              A - amulet "Exome" {Acrobat Harm rElec rF- rC+ Str+3}
HPRegen 0.25/turn               n - ring of protection from fire
MPRegen 0.16/turn               i - ring of see invisible

@: short of breath, repel missiles
A: breathe fire, AC +7, unfitting armour, fire resistance 1, cold-blooded
a: Breathe Fire, Renounce Religion, Wall Jump, Serpent's Lash


You were on level 10 of the Dungeon.
You worshipped Wu Jian.
Wu Jian was most pleased with you.
You visited 2 branches of the dungeon, and saw 11 of its levels.
You also visited: Bailey.

You collected 569 gold pieces.

Inventory:

Hand Weapons
 a - a +2 long sword of venom (weapon)
 u - a +2 vampiric great sword
Missiles
 c - 12 throwing nets
 l - 4 boomerangs of dispersal
 o - 6 javelins (quivered)
Armour
 b - a +0 hat (worn)
 h - a +0 pair of boots (worn)
 D - a scarf of repulsion (worn)
Jewellery
 i - a ring of see invisible (right hand)
 n - a ring of protection from fire (left hand)
 A - the amulet "Exome" (around neck) {Acrobat Harm rElec rF- rC+ Str+3}
   (You found it on level 6 of the Dungeon)

   [amulet of the acrobat]

   It increases your evasion while moving and waiting.
   Str:       It affects your strength (+3).
   rF:        It makes you vulnerable to fire.
   rC:        It protects you from cold.
   rElec:     It insulates you from electricity.
   Harm:      It increases damage dealt and taken.
Wands
 m - a wand of iceblast (13)
 t - a wand of acid (9)
 B - a wand of charming (8)
 C - a wand of polymorph (9)
Scrolls
 e - a scroll of torment
 q - 3 scrolls of teleportation
 y - a scroll of enchant weapon
 z - a scroll of amnesia
 E - a scroll of fog
Potions
 d - a potion of magic {unknown}
 f - 3 potions of resistance
 g - a potion of attraction {unknown}
 j - a potion of lignification
 k - 2 potions of invisibility
 p - a potion of haste {unknown}
 r - a potion of curing
 s - 2 potions of flight {unknown}
 v - 3 potions of degeneration {unknown}
 w - a potion of mutation {unknown}
 F - 2 potions of might


   Skills:
 + Level 7.3 Fighting
 + Level 10.0 Long Blades
 - Level 1.7 Throwing
 - Level 6.4 Dodging
 - Level 5.5 Spellcasting
 - Level 5.2 Conjurations
 + Level 7.3 Fire Magic
 - Level 4.0 Evocations


You had 15 spell levels left.
You knew the following spells:

 Your Spells              Type           Power      Damage    Failure   Level
a - Scorch                Fire           34%        2d6       1%          2
b - Flame Wave            Conj/Fire      15%        2d6       16%         4

Your spell library contained the following spells:

 Spells                   Type           Power      Damage    Failure   Level
 Animate Skeleton         Necr           4%         N/A       22%         1
 Pain                     Necr           8%         1d4       22%         1
 Summon Small Mammal      Summ           8%         N/A       22%         1
 Call Canine Familiar     Summ           2%         N/A       54%         3
 Summon Guardian Golem    Hex/Summ       2%         N/A       54%         3
 Vampiric Draining        Necr           2%         2d6       54%         3
 Summon Cactus Giant      Summ           1%         N/A       100%        6
 Orb of Destruction       Conj           6%         9d6       100%        7
 Spellforged Servitor     Conj/Summ      4%         N/A       100%        7


Dungeon Overview and Level Annotations

Branches:
Dungeon (10/15)            Temple (1/1) D:4            Lair (0/6) D:8
 Bailey (visited)
    Orc: D:9-12

Altars:
Cheibriados
Dithmenos
Elyvilon
Fedhas
Gozag
Kikubaaqudgha
Nemelex Xobeh
Qazlal
Ru
Trog
Wu Jian
Xom
Yredelemnul
The Shining One

Shops:
D:1 =


Innate Abilities, Weirdness & Mutations

You can breathe blasts of fire.
Your fiery red scales are hard. (AC +7)
You cannot fit into any form of body armour.
Your flesh is heat resistant. (rF+)
You are cold-blooded and may be slowed by cold attacks.


Message History

Casting: Scorch (safe; 1% risk of failure)
Confirm with . or Enter, or press ? or * to list all spells.
Flames lash the manticore.
The manticore is burned terribly!
The manticore is heavily wounded.
The manticore closely misses you. The manticore claws you.
The manticore claws you but does no damage.
Unknown command.
You hit the manticore but do no damage. You tail-slap the manticore.
The manticore is heavily wounded.
You closely miss the manticore.
The manticore is heavily wounded.
The manticore bites you but does no damage.
The manticore claws you but does no damage.
The manticore claws you.
You slash the manticore!
You tail-slap the manticore, but do no damage.
The manticore is severely wounded.
The manticore closely misses you. x2; The manticore claws you.
You hit the manticore but do no damage.
The manticore is poisoned.
You tail-slap the manticore, but do no damage.
The manticore is severely wounded.
The manticore bites you! The manticore claws you!
The manticore claws you but does no damage.
You barely miss the manticore.
Your tail-slap misses the manticore.
The manticore is severely wounded.
The manticore bites you. The manticore barely misses you.
The manticore claws you but does no damage.
Aiming: Breathe Fire (3% risk of failure)
Press: ? - help, Shift-Dir - straight line, f - manticore
Aim: a manticore (severely wounded, very poisoned, more vulnerable to fire, 81% to hit)
You breathe a blast of fire.
The fiery breath misses the manticore.
The manticore barely misses you. The manticore claws you!
* * * LOW HITPOINT WARNING * * *
The manticore claws you!
* * * LOW HITPOINT WARNING * * *
Casting: Scorch (safe; 1% risk of failure)
Confirm with . or Enter, or press ? or * to list all spells.
Flames lash the manticore but do no damage.
The manticore bites you!!
You die...

..............#
.....######.>.#
#....# ##.##
.....# #.#
###### #.# #.#
#.##### #.....#
#####@#
#...H.....#
#....ยง..###.#
..#####.# #.#
#.# #.# #..


You could see a manticore (very poisoned, combustible).

Vanquished Creatures
  Pikel (D:6)
  4 hornets
  4 wyverns
  14 yaks
  Grum (D:8)
  3 water moccasins
  An orc warrior (D:8)
  2 ice beasts
  An ogre (D:5)
  4 black bears
  6 wolves
  2 centaurs
  2 lemures (D:6)
  A kobold brigand (D:7)
  7 gnoll sergeants (Bailey)
  2 bullfrogs
  3 necrophages
  2 scorpions (D:5)
  5 killer bees (D:8)
  5 howler monkeys
  6 hounds
  2 jellies (D:4)
  4 orc priests
  7 gnoll shamans
  An iguana (D:6)
  5 orc wizards
  Robin (D:2)
  22 gnolls
  8 adders
  A shadow imp (D:5)
  2 white imps (D:8)
  An ufetubus (D:7)
  A worm (D:2)
  3 dart slugs
  20 orcs
  6 endoplasms
  4 giant cockroaches
  19 goblins
  9 hobgoblins
  2 jackals (D:1)
  11 kobolds
  A quokka (D:4)
  7 ball pythons
  2 bats
  3 frilled lizards (D:1)
218 creatures vanquished.

Vanquished Creatures (collateral kills)
  A wolf (Bailey)
1 creature vanquished.

Grand Total: 219 creatures vanquished

Notes
Turn   | Place    | Note
-------+----------+-------------------------------------------
     0 | D:1      | sizableburger the Draconian Gladiator began the quest for
                  | the Orb.
     0 | D:1      | Reached XP level 1. HP: 17/17 MP: 1/1
   216 | D:1      | Reached XP level 2. HP: 14/25 MP: 2/2
   841 | D:1      | Found Jirphishri's One-of-a-Kind Rings.
  1209 | D:2      | Reached XP level 3. HP: 30/30 MP: 3/3
  1488 | D:2      | Noticed Robin
  1500 | D:2      | Killed Robin
  2213 | D:2      | Reached XP level 4. HP: 17/38 MP: 4/4
  3131 | D:3      | Reached skill level 4 in Long Blades
  3287 | D:3      | Reached XP level 5. HP: 46/46 MP: 5/5
  3361 | D:3      | Found a faded altar of an unknown god.
  3803 | D:4      | Noticed a black bear
  3812 | D:4      | Killed a black bear
  3859 | D:4      | Reached XP level 6. HP: 48/53 MP: 6/6
  4567 | D:4      | Found a staircase to the Ecumenical Temple.
  4576 | Temple   | Entered the Ecumenical Temple
  4835 | Temple   | Became a worshipper of the Wu Jian Council
  4933 | D:5      | Entered Level 5 of the Dungeon
  4971 | D:5      | Found an ancient bone altar of Kikubaaqudgha.
  4987 | D:5      | Reached skill level 5 in Long Blades
  5022 | D:5      | Reached skill level 5 in Fighting
  5025 | D:5      | Your scales start taking on a fiery red colour.
  5025 | D:5      | Reached XP level 7. HP: 61/61 MP: 7/7
  5025 | D:5      | Gained mutation: Your flesh is heat resistant. (rF+) [Red
                  | Draconian growth]
  5028 | D:5      | Learned a level 2 spell: Scorch
  5052 | D:5      | Reached skill level 1 in Fire Magic
  5216 | D:5      | Reached skill level 1 in Spellcasting
  5293 | D:5      | Reached XP level 8. HP: 42/70 MP: 0/11
  5304 | D:5      | Reached skill level 6 in Long Blades
  6668 | D:6      | Reached * piety under Wu Jian
  7120 | D:7      | Reached skill level 5 in Fire Magic
  7158 | D:7      | Noticed a hornet
  7164 | D:7      | Paralysed by a hornet for 3 turns
  7175 | D:7      | Killed a hornet
  7176 | D:7      | Reached skill level 7 in Long Blades
  7176 | D:7      | Reached skill level 1 in Evocations
  7216 | D:7      | Reached XP level 9. HP: 27/79 MP: 6/12
  7665 | D:6      | Noticed Pikel
  7687 | D:6      | Killed Pikel
  7827 | D:6      | Identified the amulet "Exome" {Acrobat Harm rElec rF- rC+
                  | Str+3}
  8043 | D:7      | Reached skill level 8 in Long Blades
  8143 | D:7      | Learned a level 4 spell: Flame Wave
  8739 | D:8      | Found a flagged portal.
  8759 | Bailey   | Entered a bailey
  8787 | Bailey   | Reached skill level 1 in Conjurations
  9003 | Bailey   | Reached ** piety under Wu Jian
  9040 | Bailey   | Reached skill level 5 in Dodging
  9480 | Bailey   | Reached XP level 10. HP: 52/86 MP: 10/15
  9975 | Bailey   | Identified the +1 mace "Syica" {freeze, Will+}
 10298 | D:8      | Reached skill level 9 in Long Blades
 10920 | D:8      | Noticed Grum
 10979 | D:8      | Killed Grum
 11437 | D:8      | Found a staircase to the Lair.
 11604 | D:8      | Reached *** piety under Wu Jian
 11788 | D:8      | Found a bloodstained altar of Trog.
 11953 | D:8      | Reached skill level 5 in Spellcasting
 12040 | D:9      | Reached skill level 5 in Conjurations
 12379 | D:9      | Reached XP level 11. HP: 68/92 MP: 3/19
 12759 | D:10     | Entered Level 10 of the Dungeon
 12814 | D:10     | Reached skill level 10 in Long Blades
 13015 | D:10     | Mangled by a manticore

Illustrated notes

Levels and vault maps discovered:
D:1:      eino_arrival_cavern_a, layout_loops_ring, nicolae_shop_unique_rings
D:2:      layout_loops_corners, kennysheep_crisscross, st_stairs_9,
          minmay_misc_feat_rows, grunt_ministairs_6, minmay_misc_feat_tiny,
          uniq_robin
D:3:      layout_basic, dreamdust_ecumenical_altar_statues,
          hangedman_decor_diamond_cutter, minmay_crystal_room
D:4:      layout_rooms, minmay_temple_entry_fiery
D:5:      minmay_chambers_of_threes, layout_loops_corners, old_standard_altar
D:6:      layout_basic, uniq_pikel
D:7:      layout_loops_cross, minmay_hedge_maze, kennysheep_generic_room_4
D:8:      layout_basic, mainiacjoe_overflow_24_doors, lair_entry_dummy,
          enter_bailey_3, minmay_between, uniq_grum
D:9:      layout_rooms, grunt_ministairs_7
D:10:     layout_loops_corners, eino_small_chamber_without_monster,
          chequers_serial_rivers_micro_a, hangedman_abyss_or_decor_slice,
          minmay_fire_ice_demons
Temple:   mainiacjoe_temple_big_plus

Skill      XL: |  1  2  3  4  5  6  7  8  9 10 11 |
---------------+----------------------------------+-----
Dodging        | 3 4 5 6 |  6.4
Fighting       | 3 4 5 7 |  7.3
Long Blades    | 4 5 7 8 9 10 | 10.0
Fire Magic     | 3 5 7 |  7.3
Spellcasting   | 2 3 5 |  5.5
Evocations     | 2 3 4 |  4.0
Conjurations   | 2 5 |  5.2
Throwing       | |  1.7

Action                   |  1- 3 |  4- 6 |  7- 9 | 10-12 || total
-------------------------+-------+-------+-------+-------++-------
Melee: Long sword        |   123 |    93 |   199 |   130 ||   545
       Tailslap          |    11 |    12 |    26 |    17 ||    66
       Punch             |       |       |     2 |     1 ||     3
 Fire: Hand crossbow     |       |     3 |       |       ||     3
Throw: Stone             |     8 |     9 |       |       ||    17
       Javelin           |       |     1 |     4 |       ||     5
       Boomerang         |       |     2 |       |       ||     2
 Cast: Scorch            |       |       |    39 |    22 ||    61
       Flame Wave        |       |       |       |     7 ||     7
Invok: Lunge             |       |     1 |    18 |     6 ||    25
 Abil: Breathe Fire      |       |       |    20 |    14 ||    34
Evoke: Wand              |       |     3 |     8 |     2 ||    13
  Use: Scroll            |       |    10 |     4 |     3 ||    17
       Potion            |       |       |     4 |     1 ||     5
 Stab: Sleeping          |     2 |     2 |       |     1 ||     5
       Distracted        |       |       |     1 |       ||     1
Armor: Skin              |    37 |    31 |    68 |    30 ||   166
Dodge: Dodged            |    84 |    65 |   170 |   142 ||   461
       Repelled          |       |       |     1 |       ||     1

Table legend: (Time is in decaauts)
 A = Elapsed time spent in this place.
 B = Non-inter-level travel time spent in this place.
 C = Inter-level travel time spent in this place.
 D = Time resting spent in this place.
 E = Time spent auto-exploring this place.
 F = Levels seen in this place.
 G = Mean time per level.
                   A        B        C        D        E       F      G
               +--------+--------+--------+--------+--------+-----+--------+
         Total |  13070 |  12263 |    807 |   3180 |   7224 |  12 | 1089.2 |
       Dungeon |  11533 |  10855 |    678 |   2339 |   7020 |  10 | 1153.3 |
        Temple |    281 |    152 |    129 |      0 |    106 |   1 |  281.0 |
        Bailey |   1255 |   1255 |      0 |    841 |     98 |   1 | 1255.0 |
               +--------+--------+--------+--------+--------+-----+--------+

Top non-repeatable levels by time:
     D:8: 1809 daAuts
     D:2: 1545 daAuts
     D:7: 1531 daAuts
     D:5: 1471 daAuts
  Bailey: 1255 daAuts
     D:1: 1110 daAuts
     D:3: 1086 daAuts
     D:6: 1002 daAuts
     D:4: 959 daAuts
     D:9: 763 daAuts
  Temple: 281 daAuts
    D:10: 254 daAuts
